[ AOE2 MATCH · #495937042 ]
UnrankedBurmese vs Khitans
Player's team · WIN
Rival team · LOSS
[ REPLAY ANALYSIS · EXTRACTED FROM THE RECORDED GAME ]
Feudal
12:01
Castle
15:52
Imperial
—
| APM avg | 51.9 |
| APM peak | 115 |
| eAPM avg | 24.8 |
| Villagers / military | 95 / 27 |
Focus
⚔️ 40.3% · 🌾 59.7%
Arambai ×24 · Fishing Ship ×7 · Unknown (2626) ×2 · Mangonel ×1 · Fire Galley ×1 · Battering Ram ×1
Feudal
8:58
Castle
22:28
Imperial
—
| APM avg | 56.3 |
| APM peak | 105 |
| eAPM avg | 26.6 |
| Villagers / military | 114 / 43 |
Focus
⚔️ 53.5% · 🌾 46.5%
Cavalry Archer ×23 · Battering Ram ×12 · Scout Cavalry ×6 · Unknown (2626) ×3 · Iron Pagoda ×1 · Transport Ship ×1
Match map
Initial resources + every placement click. Lines = walls · curves = elevation contours. ◆ gold · ⬟ stone · ● berries · ✦ relic · ◌ wall gap
Your base· ✓ Map-separated
aLovingHusband's base· ✓ Map-separated
Smoothed initial terrain · ◌ = detected wall gap · hover for details
Inputs per minute
— chubstorm - - aLovingHusband
Build order — chubstorm
First 150 of 245 actions detected
| 0:01 | Create | Villager (Male) |
| 0:02 | Build | House |
| 0:03 | Build | House |
| 0:09 | Create | Villager (Male) |
| 0:30 | Create | Villager (Male) |
| 0:31 | Create | Villager (Male) |
| 1:27 | Create | Villager (Male) |
| 1:50 | Create | Villager (Male) |
| 1:54 | Build | Lumber Camp |
| 2:21 | Create | Villager (Male) |
| 2:41 | Create | Villager (Male) |
| 3:16 | Create | Villager (Male) |
| 3:46 | Create | Villager (Male) |
| 3:55 | Build | House |
| 4:09 | Create | Villager (Male) |
| 4:31 | Create | Villager (Male) |
| 4:36 | Build | Dock |
| 4:59 | Create | Villager (Male) |
| 5:13 | Create | Fishing Ship |
| 5:23 | Build | Palisade Wall |
| 5:28 | Create | Villager (Male) |
| 5:28 | Create | Villager (Male) |
| 5:32 | Build | House |
| 5:35 | Build | Palisade Wall |
| 5:56 | Create | Villager (Male) |
| 5:57 | Create | Villager (Male) |
| 6:13 | Create | Fishing Ship |
| 6:23 | Create | Villager (Male) |
| 6:40 | Build | Palisade Wall |
| 6:48 | Create | Villager (Male) |
| 7:04 | Build | House |
| 7:06 | Build | Palisade Wall |
| 7:13 | Create | Villager (Male) |
| 7:25 | Build | Palisade Wall |
| 7:44 | Build | Dock |
| 7:47 | Build | Palisade Wall |
| 7:48 | Build | Palisade Wall |
| 7:50 | Build | Palisade Wall |
| 7:56 | Create | Villager (Male) |
| 8:10 | Build | Palisade Gate |
| 8:18 | Build | Palisade Wall |
| 8:20 | Build | Palisade Wall |
| 8:23 | Create | Fishing Ship |
| 8:28 | Create | Villager (Male) |
| 8:41 | Build | Mill |
| 8:55 | Create | Villager (Male) |
| 9:09 | Create | Fishing Ship |
| 9:20 | Research | Loom |
| 9:36 | Build | Mining Camp |
| 9:51 | Research | Feudal Age |
| 10:25 | Create | Fishing Ship |
| 10:30 | Build | House |
| 10:45 | Build | Farm |
| 11:04 | Build | Farm |
| 11:42 | Create | Villager (Male) |
| 11:43 | Create | Villager (Male) |
| 12:01 | Age | Feudal Age |
| 12:14 | Build | Market |
| 12:15 | Build | Palisade Wall |
| 12:36 | Build | Blacksmith |
| 13:12 | Research | Castle Age |
| 13:37 | Build | Mining Camp |
| 13:52 | Create | Fire Galley |
| 14:04 | Build | House |
| 14:09 | Build | House |
| 14:11 | Build | House |
| 14:16 | Build | Palisade Wall |
| 14:17 | Build | Palisade Wall |
| 14:17 | Build | Palisade Wall |
| 14:38 | Build | Lumber Camp |
| 14:59 | Build | Palisade Wall |
| 15:06 | Build | House |
| 15:09 | Build | Palisade Wall |
| 15:13 | Build | Palisade Wall |
| 15:26 | Create | Unit 2626 |
| 15:52 | Age | Castle Age |
| 15:55 | Create | Villager (Male) |
| 15:57 | Create | Villager (Male) |
| 16:08 | Build | Town Center |
| 16:19 | Build | House |
| 16:21 | Build | Palisade Wall |
| 16:22 | Build | Palisade Wall |
| 16:25 | Build | Palisade Wall |
| 16:27 | Create | Villager (Male) |
| 16:38 | Build | House |
| 16:42 | Build | Palisade Wall |
| 16:43 | Create | Villager (Male) |
| 16:50 | Create | Villager (Male) |
| 17:15 | Create | Villager (Male) |
| 17:19 | Create | Villager (Male) |
| 17:40 | Create | Villager (Male) |
| 18:06 | Create | Unit 2626 |
| 18:19 | Build | Castle |
| 18:55 | Create | Villager (Male) |
| 19:17 | Create | Arambai |
| 19:17 | Create | Arambai |
| 19:20 | Create | Villager (Male) |
| 19:24 | Create | Arambai |
| 19:25 | Create | Arambai |
| 19:43 | Build | Farm |
| 19:45 | Build | Farm |
| 19:57 | Create | Villager (Male) |
| 19:59 | Build | Farm |
| 20:08 | Create | Villager (Male) |
| 20:11 | Create | Arambai |
| 20:29 | Build | Palisade Wall |
| 20:33 | Create | Villager (Male) |
| 20:34 | Create | Arambai |
| 20:36 | Build | Farm |
| 20:54 | Create | Arambai |
| 20:55 | Create | Villager (Male) |
| 20:58 | Build | Farm |
| 21:07 | Create | Villager (Male) |
| 21:13 | Build | Dock |
| 21:17 | Build | Farm |
| 21:27 | Create | Villager (Male) |
| 21:29 | Build | Farm |
| 21:48 | Create | Villager (Male) |
| 21:49 | Create | Villager (Male) |
| 21:50 | Create | Arambai |
| 22:05 | Build | Farm |
| 22:18 | Create | Villager (Male) |
| 22:31 | Create | Villager (Male) |
| 22:34 | Create | Arambai |
| 22:36 | Build | Farm |
| 22:41 | Build | Lumber Camp |
| 22:59 | Create | Arambai |
| 22:59 | Create | Arambai |
| 23:17 | Create | Villager (Male) |
| 23:17 | Create | Arambai |
| 23:18 | Create | Arambai |
| 23:28 | Create | Villager (Male) |
| 23:29 | Build | Farm |
| 23:53 | Create | Villager (Male) |
| 24:05 | Create | Villager (Male) |
| 24:06 | Create | Villager (Male) |
| 24:16 | Build | University |
| 24:19 | Create | Villager (Male) |
| 24:23 | Create | Villager (Male) |
| 24:25 | Build | Castle |
| 24:30 | Create | Villager (Male) |
| 24:35 | Build | Farm |
| 24:38 | Create | Villager (Male) |
| 24:42 | Create | Fishing Ship |
| 24:42 | Create | Fishing Ship |
| 24:48 | Build | Barracks |
| 24:49 | Create | Villager (Male) |
| 25:09 | Build | Farm |
| 25:11 | Build | Farm |
| 25:12 | Create | Villager (Male) |
Build order — aLovingHusband
First 150 of 237 actions detected
| 0:02 | Create | Villager (Male) |
| 0:02 | Create | Villager (Male) |
| 0:02 | Create | Villager (Male) |
| 0:03 | Build | House |
| 0:04 | Build | House |
| 0:12 | Create | Villager (Male) |
| 0:13 | Create | Villager (Male) |
| 1:38 | Create | Villager (Male) |
| 1:38 | Create | Villager (Male) |
| 1:54 | Create | Villager (Male) |
| 1:55 | Create | Villager (Male) |
| 1:59 | Build | Lumber Camp |
| 2:19 | Create | Villager (Male) |
| 2:19 | Create | Villager (Male) |
| 2:35 | Build | House |
| 2:48 | Create | Villager (Male) |
| 3:03 | Create | Villager (Male) |
| 3:03 | Create | Villager (Male) |
| 3:34 | Create | Villager (Male) |
| 3:34 | Create | Villager (Male) |
| 4:01 | Create | Villager (Male) |
| 4:02 | Create | Villager (Male) |
| 4:08 | Create | Villager (Male) |
| 4:08 | Create | Villager (Male) |
| 4:25 | Build | House |
| 4:31 | Create | Villager (Male) |
| 4:31 | Create | Villager (Male) |
| 5:13 | Create | Villager (Male) |
| 5:20 | Build | Mill |
| 5:43 | Research | Loom |
| 6:15 | Create | Villager (Male) |
| 6:48 | Research | Feudal Age |
| 6:48 | Research | Feudal Age |
| 7:50 | Build | House |
| 8:22 | Build | Barracks |
| 8:28 | Build | Palisade Wall |
| 8:30 | Build | Palisade Wall |
| 8:55 | Create | Villager (Male) |
| 8:58 | Age | Feudal Age |
| 9:23 | Build | Stable |
| 9:26 | Create | Villager (Male) |
| 9:26 | Create | Villager (Male) |
| 9:39 | Research | Double-Bit Axe |
| 9:40 | Research | Double-Bit Axe |
| 9:58 | Build | Palisade Wall |
| 10:09 | Build | House |
| 10:11 | Create | Scout Cavalry |
| 10:11 | Create | Scout Cavalry |
| 10:11 | Create | Scout Cavalry |
| 10:11 | Create | Scout Cavalry |
| 10:12 | Create | Scout Cavalry |
| 10:15 | Create | Villager (Male) |
| 10:30 | Create | Villager (Male) |
| 10:43 | Build | House |
| 10:44 | Build | Palisade Wall |
| 10:50 | Build | House |
| 11:11 | Build | Watch Tower |
| 11:24 | Create | Villager (Male) |
| 11:27 | Build | Blacksmith |
| 11:52 | Create | Villager (Male) |
| 11:54 | Create | Villager (Male) |
| 12:12 | Research | Forging |
| 12:12 | Research | Forging |
| 12:18 | Build | Dock |
| 12:33 | Create | Villager (Male) |
| 12:41 | Build | Mining Camp |
| 12:59 | Create | Villager (Male) |
| 13:02 | Research | Scale Barding Armor |
| 13:02 | Research | Scale Barding Armor |
| 13:19 | Create | Villager (Male) |
| 13:22 | Build | House |
| 13:35 | Build | Mining Camp |
| 13:48 | Create | Scout Cavalry |
| 13:58 | Create | Unit 2626 |
| 13:58 | Create | Unit 2626 |
| 14:00 | Create | Villager (Male) |
| 14:18 | Research | Fletching |
| 14:19 | Research | Fletching |
| 14:28 | Create | Villager (Male) |
| 14:29 | Create | Villager (Male) |
| 14:37 | Create | Unit 2626 |
| 14:38 | Build | House |
| 14:50 | Create | Villager (Male) |
| 15:07 | Create | Transport Ship |
| 15:30 | Create | Villager (Male) |
| 15:52 | Build | Pasture |
| 15:55 | Build | Pasture |
| 16:00 | Create | Villager (Male) |
| 16:03 | Build | Pasture |
| 16:46 | Create | Villager (Male) |
| 16:51 | Build | Pasture |
| 17:04 | Build | Watch Tower |
| 17:23 | Create | Villager (Male) |
| 17:30 | Build | Pasture |
| 17:47 | Create | Villager (Male) |
| 17:48 | Build | Pasture |
| 18:03 | Create | Villager (Male) |
| 18:07 | Build | Pasture |
| 18:30 | Build | Mining Camp |
| 18:35 | Create | Villager (Male) |
| 19:07 | Create | Villager (Male) |
| 19:46 | Build | Archery Range |
| 19:48 | Research | Castle Age |
| 19:48 | Research | Castle Age |
| 19:51 | Build | Archery Range |
| 20:13 | Build | Lumber Camp |
| 20:38 | Research | Padded Archer Armor |
| 21:02 | Build | Watch Tower |
| 21:04 | Build | Watch Tower |
| 21:12 | Build | Watch Tower |
| 21:55 | Build | House |
| 21:57 | Build | House |
| 22:00 | Build | Mining Camp |
| 22:02 | Build | House |
| 22:04 | Build | House |
| 22:21 | Build | Archery Range |
| 22:28 | Age | Castle Age |
| 22:31 | Create | Cavalry Archer |
| 22:31 | Create | Cavalry Archer |
| 22:31 | Create | Cavalry Archer |
| 22:31 | Create | Cavalry Archer |
| 22:32 | Create | Cavalry Archer |
| 22:32 | Create | Villager (Male) |
| 22:32 | Create | Villager (Male) |
| 22:32 | Create | Villager (Male) |
| 22:41 | Build | House |
| 22:45 | Build | Palisade Wall |
| 22:47 | Build | House |
| 22:54 | Research | Bodkin Arrow |
| 22:54 | Create | Cavalry Archer ×5 |
| 22:54 | Create | Cavalry Archer ×5 |
| 23:38 | Create | Villager (Male) |
| 23:49 | Create | Cavalry Archer |
| 23:50 | Create | Cavalry Archer |
| 23:50 | Create | Cavalry Archer |
| 24:11 | Create | Villager (Male) |
| 24:20 | Build | Town Center |
| 24:35 | Research | Gold Mining |
| 24:38 | Create | Villager (Male) |
| 24:38 | Create | Villager (Male) |
| 25:00 | Build | Town Center |
| 25:06 | Create | Villager (Male) |
| 25:06 | Create | Villager (Male) |
| 25:06 | Create | Villager (Male) |
| 25:23 | Create | Cavalry Archer |
| 25:23 | Create | Cavalry Archer |
| 25:23 | Create | Cavalry Archer |
| 25:28 | Create | Villager (Male) |
| 25:28 | Create | Villager (Male) |
| 25:28 | Create | Villager (Male) |
Match timeline
| 4:36 | chubstorm · first_building Dock |
| 5:23 | chubstorm · wall_segment Palisade Wall x5 |
| 5:35 | chubstorm · wall_segment Palisade Wall x10 |
| 6:40 | chubstorm · wall_segment Palisade Wall x4 |
| 7:06 | chubstorm · wall_segment Palisade Wall x12 |
| 7:25 | chubstorm · wall_segment Palisade Wall x10 |
| 7:47 | chubstorm · wall_segment Palisade Wall x1 |
| 7:48 | chubstorm · wall_segment Palisade Wall x1 |
| 7:50 | chubstorm · wall_segment Palisade Wall x1 |
| 8:18 | chubstorm · wall_segment Palisade Wall x2 |
| 8:20 | chubstorm · wall_segment Palisade Wall x3 |
| 8:22 | aLovingHusband · first_building Barracks |
| 8:28 | aLovingHusband · wall_segment Palisade Wall x1 |
| 8:30 | aLovingHusband · wall_segment Palisade Wall x1 |
| 8:58 | aLovingHusband · age_up feudal |
| 9:23 | aLovingHusband · first_building Stable |
| 9:58 | aLovingHusband · wall_segment Palisade Wall x1 |
| 10:44 | aLovingHusband · wall_segment Palisade Wall x1 |
| 12:01 | chubstorm · age_up feudal |
| 12:15 | chubstorm · wall_segment Palisade Wall x5 |
| 12:18 | aLovingHusband · first_building Dock |
| 14:16 | chubstorm · wall_segment Palisade Wall x1 |
| 14:17 | chubstorm · wall_segment Palisade Wall x1 |
| 14:17 | chubstorm · wall_segment Palisade Wall x1 |
| 14:59 | chubstorm · wall_segment Palisade Wall x7 |
| 15:09 | chubstorm · wall_segment Palisade Wall x2 |
| 15:13 | chubstorm · wall_segment Palisade Wall x1 |
| 15:52 | chubstorm · age_up castle |
| 16:21 | chubstorm · wall_segment Palisade Wall x1 |
| 16:22 | chubstorm · wall_segment Palisade Wall x1 |
| 16:25 | chubstorm · wall_segment Palisade Wall x1 |
| 16:42 | chubstorm · wall_segment Palisade Wall x1 |
| 18:10 | chubstorm · first_market_sell 500 wood |
| 18:10 | chubstorm · first_market_buy 100 stone |
| 18:19 | chubstorm · first_building Castle |
| 19:46 | aLovingHusband · first_building Archery Range |
| 20:29 | chubstorm · wall_segment Palisade Wall x1 |
| 22:28 | aLovingHusband · age_up castle |
| 22:45 | aLovingHusband · wall_segment Palisade Wall x1 |
| 24:48 | chubstorm · first_building Barracks |
| 26:01 | chubstorm · first_building Stable |
| 27:44 | aLovingHusband · first_building Siege Workshop |
| 29:29 | chubstorm · first_building Siege Workshop |
| 30:09 | aLovingHusband · first_building Castle |
| 34:25 | aLovingHusband · resign |
[ AI ANALYSIS · 1 CREDIT ]
What really happened in this match?
Wolo.gg analyzes every decision: build order, eco, micro, common mistakes by bracket. Personalized analysis on WhatsApp or Discord in 30 seconds.
Civ guide
Burmese
Perfil
Jugador #254815